 Dungeon Crawl Stone Soup version 0.29-a0-338-g1ff7896281 (webtiles) character file.

Game seed: 15646276997771109469

93 greenreed the Vexing (level 4, 0/34 HPs)
             Began as a Gnoll Arcane Marksman on Apr 17, 2022.
             Slain by Terence
             ... wielding a +0 flail
              (10 damage)
             ... on level 2 of the Dungeon.
             The game lasted 00:04:23 (1732 turns).

greenreed the Vexing (Gnoll Arcane Marksman)        Turns: 1732, Time: 00:04:24

Health: 0/34       AC:  3    Str: 11    XL:     4   Next: 62%
Magic:  8/8        EV: 13    Int: 12    God:
Gold:   49         SH:  0    Dex: 13    Spells: 8/9 levels left

rFire   + . .      SeeInvis +   a - +0 hand crossbow
rCold   . . .      Faith    .   (no shield)
rNeg    . . .      Spirit   .   o - +0 leather armour {rF+}
rPois   .          Reflect  .   (no helmet)
rElec   .          Harm     .   m - scarf {repulsion}
rCorr   .          Rampage  .   (no gloves)
Will    .....                   (no boots)
Stlth   +.........              (no amulet)
HPRegen 0.11/turn               g - ring of see invisible
MPRegen 0.11/turn               (no ring)

@: repel missiles
A: fangs 1, strong nose, distributed training
a: no special abilities


You were on level 2 of the Dungeon.
You visited 1 branch of the dungeon, and saw 2 of its levels.

You collected 49 gold pieces.

Inventory:

Hand Weapons
 a - a +0 hand crossbow (weapon)
 e - a +0 dagger of speed
Missiles
 i - 6 poisoned darts
Armour
 b - a +0 robe
 m - a scarf of repulsion (worn)
 o - a +0 leather armour of fire resistance (worn)
Jewellery
 g - a ring of see invisible (left hand)
Scrolls
 c - a scroll of vulnerability
 f - 4 scrolls of identify {unknown}
 j - 2 scrolls of teleportation {unknown}
 p - a scroll of immolation {unknown}
Potions
 d - a potion of heal wounds {unknown}
 h - a potion of might
 k - a potion of ambrosia {unknown}
 l - a potion of degeneration {unknown}
 n - a potion of haste


   Skills:
 + Level 2.8 Fighting
 + Level 1.2 Short Blades
 + Level 1.2 Long Blades
 + Level 1.2 Axes
 + Level 1.2 Maces & Flails
 + Level 1.2 Polearms
 + Level 1.2 Staves
 + Level 1.2 Slings
 + Level 1.2 Bows
 + Level 4.6 Crossbows
 + Level 1.2 Throwing
 + Level 1.2 Armour
 + Level 4.6 Dodging
 + Level 1.2 Stealth
 + Level 1.2 Shields
 + Level 1.2 Unarmed Combat
 + Level 3.0 Spellcasting
 + Level 1.0 Conjurations
 + Level 5.5 Hexes
 + Level 1.0 Summonings
 + Level 1.0 Necromancy
 + Level 1.0 Translocations
 + Level 1.0 Transmutations
 + Level 1.0 Fire Magic
 + Level 1.0 Ice Magic
 + Level 1.0 Air Magic
 + Level 1.0 Earth Magic
 + Level 1.0 Poison Magic
 + Level 1.3 Invocations
 + Level 1.2 Evocations


You had 8 spell levels left.
You knew the following spells:

 Your Spells              Type           Power      Damage    Failure   Level
a - Slow                  Hex            60%        N/A       3%          1

Your spell library contained the following spells:

 Spells                   Type           Power      Damage    Failure   Level
 Summon Small Mammal      Summ           16%        N/A       22%         1
 Inner Flame              Hex/Fire       9%         N/A       26%         3
 Portal Projectile        Hex/Tloc       18%        N/A       26%         3
 Summon Guardian Golem    Hex/Summ       9%         N/A       26%         3
 Cause Fear               Hex            7%         N/A       32%         4
 Call Canine Familiar     Summ           4%         N/A       54%         3


Dungeon Overview and Level Annotations

Branches:
Dungeon (2/15)

Altars:

Annotations:
D:2 Terence


Innate Abilities, Weirdness & Mutations

You have very sharp teeth.
Your uncanny sense of smell can sniff out nearby items.
Your experience applies equally to all skills.


Message History

You start putting on your armour.
You continue putting on your +0 leather armour of fire resistance. x5
You finish putting on your +0 leather armour of fire resistance.
You feel resistant to fire.
You see here a +0 ring mail.
You see here a +0 ring mail.
p - a scroll labelled COPUJE LOFF A ball python comes into view.
You shoot a bolt. The bolt hits the ball python!
You kill the ball python!
You see here a ball python corpse.
Terence the Incautious comes into view.
He is wielding a +0 flail.
Terence shouts!
You shoot a bolt.
The bolt hits Terence but does no damage.
Casting: Slow (safe; 3% risk of failure)
Confirm with . or Enter, or press ? or * to list all spells.
Aiming: Slow (safe; 3% risk of failure)
Press: ? - help, Shift-Dir - straight line, f/p - Terence
Aim: Terence, wielding a +0 flail and wearing a +0 chain mail (chance to affect: 63%) Terence resists with significant effort.
Terence drinks a potion.
Terence seems to speed up.
You shoot a bolt. The bolt barely misses Terence.
You shoot a bolt. The bolt barely misses Terence.
You shoot a bolt.
The bolt hits Terence but does no damage.
Terence closely misses you.
Terence says, "Rest in peace."
Terence hits you with a +0 flail!
You shoot a bolt. The bolt barely misses Terence.
Terence hits you with a +0 flail! Terence hits you with a +0 flail.
Terence attacks as you move away! Terence barely misses you.
Terence hits you with a +0 flail.
* * * LOW HITPOINT WARNING * * *
Terence barely misses you.
You see here a ball python corpse.
Terence says, "Did you write a will?
You should..."
Terence barely misses you. Terence attacks as you move away!
Terence hits you with a +0 flail!
You die...

### ###.. ##.#.# #.....
##### ##.#.#
#...##############.....
#...†@@...........#.#.#
#...#####...#####......
##.## #.#.......#.#.#
#.# #.....####..... #.#
###.#.# ##.#.# #.#
#.#.# #...>. #.#
#.#.#####.#.# #.#
#....##...... #.#
#..#...##.#.#


You could see Terence (fast).

Vanquished Creatures
  2 orc wizards (D:2)
  3 dart slugs (D:1)
  An orc (D:2)
  5 ball pythons
  2 bats (D:2)
  4 endoplasms
  2 giant cockroaches (D:1)
  3 hobgoblins
  2 quokkas (D:2)
  2 frilled lizards (D:1)
  5 goblins (D:1)
  3 kobolds
  3 rats
37 creatures vanquished.

Notes
Turn   | Place    | Note
-------+----------+-------------------------------------------
     0 | D:1      | greenreed the Gnoll Arcane Marksman began the quest for the
                  | Orb.
     0 | D:1      | Reached XP level 1. HP: 17/17 MP: 4/4
   174 | D:1      | Reached XP level 2. HP: 23/23 MP: 5/5
   369 | D:1      | Found a faded altar of an unknown god.
   391 | D:1      | Reached XP level 3. HP: 28/28 MP: 7/7
  1050 | D:2      | Reached skill level 1 in Invocations
  1271 | D:2      | Reached skill level 1 in Short Blades
  1271 | D:2      | Reached skill level 1 in Long Blades
  1271 | D:2      | Reached skill level 1 in Axes
  1271 | D:2      | Reached skill level 1 in Maces & Flails
  1271 | D:2      | Reached skill level 1 in Polearms
  1271 | D:2      | Reached skill level 1 in Staves
  1271 | D:2      | Reached skill level 1 in Slings
  1271 | D:2      | Reached skill level 1 in Bows
  1271 | D:2      | Reached skill level 1 in Throwing
  1271 | D:2      | Reached skill level 1 in Armour
  1271 | D:2      | Reached skill level 1 in Stealth
  1271 | D:2      | Reached skill level 1 in Shields
  1271 | D:2      | Reached skill level 1 in Unarmed Combat
  1271 | D:2      | Reached skill level 1 in Evocations
  1271 | D:2      | Reached XP level 4. HP: 2/34 MP: 8/8
  1277 | D:2      | Reached skill level 1 in Conjurations
  1277 | D:2      | Reached skill level 1 in Summonings
  1277 | D:2      | Reached skill level 1 in Necromancy
  1277 | D:2      | Reached skill level 1 in Translocations
  1277 | D:2      | Reached skill level 1 in Transmutations
  1277 | D:2      | Reached skill level 1 in Fire Magic
  1277 | D:2      | Reached skill level 1 in Ice Magic
  1277 | D:2      | Reached skill level 1 in Air Magic
  1277 | D:2      | Reached skill level 1 in Earth Magic
  1277 | D:2      | Reached skill level 1 in Poison Magic
  1720 | D:2      | Noticed Terence
  1732 | D:2      | Slain by Terence

Illustrated notes

Levels and vault maps discovered:
D:1:      sevenhm_arrival_forest_fort_large_2, layout_loops_ring,
          chequers_ecumenical_altar_simple_redux, minmay_misc_feat_four_crosses,
          amcnicky_mini_corridor_feature
D:2:      layout_loops_ring, nrook_uturn, grunt_ministairs_3, st_stairs_12,
          uniq_terence

Skill      XL: |  1  2  3  4 |
---------------+-------------+-----
Invocations    | 1 |  1.3
Short Blades   | 1 |  1.2
Long Blades    | 1 |  1.2
Axes           | 1 |  1.2
Maces & Flails | 1 |  1.2
Polearms       | 1 |  1.2
Staves         | 1 |  1.2
Slings         | 1 |  1.2
Bows           | 1 |  1.2
Throwing       | 1 |  1.2
Armour         | 1 |  1.2
Stealth        | 1 |  1.2
Shields        | 1 |  1.2
Unarmed Combat | 1 |  1.2
Evocations     | 1 |  1.2
Spellcasting   | 3 |  3.0
Conjurations   | 1 |  1.0
Summonings     | 1 |  1.0
Necromancy     | 1 |  1.0
Translocations | 1 |  1.0
Transmutations | 1 |  1.0
Fire Magic     | 1 |  1.0
Ice Magic      | 1 |  1.0
Air Magic      | 1 |  1.0
Earth Magic    | 1 |  1.0
Poison Magic   | 1 |  1.0
Fighting       | |  2.8
Crossbows      | |  4.6
Dodging        | |  4.6
Hexes          | |  5.5

Action                   |  1- 3 |  4- 6 || total
-------------------------+-------+-------++-------
Melee: Dagger            |    28 |     5 ||    33
       Bite              |     1 |       ||     1
 Fire: Hand crossbow     |    91 |     6 ||    97
 Cast: Slow              |     1 |     1 ||     2
  Use: Potion            |     1 |       ||     1
Armor: Robe              |     6 |       ||     6
Dodge: Dodged            |    29 |     5 ||    34
       Repelled          |     1 |       ||     1

Table legend: (Time is in decaauts)
 A = Elapsed time spent in this place.
 B = Non-inter-level travel time spent in this place.
 C = Inter-level travel time spent in this place.
 D = Time resting spent in this place.
 E = Time spent auto-exploring this place.
 F = Levels seen in this place.
 G = Mean time per level.
                   A        B        C        D        E       F      G
               +--------+--------+--------+--------+--------+-----+--------+
         Total |   1745 |   1665 |     80 |    288 |   1119 |   2 |  872.5 |
       Dungeon |   1745 |   1665 |     80 |    288 |   1119 |   2 |  872.5 |
               +--------+--------+--------+--------+--------+-----+--------+

Top non-repeatable levels by time:
     D:2: 940 daAuts
     D:1: 804 daAuts
